 Dungeon Sprint DCSS version 0.26.1-2-gb8aa6d0cf2 (webtiles) character file.

Game seed: 6308190048222166609

1738 Groucho the Unseen (level 8, -15/38 HPs)
             Began as a Felid Enchanter on Mar 14, 2021.
             Was a Follower of Uskayaw.
             Demolished by a minotaur (17 damage)
             ... in the Dungeon (Sprint VII: "The Pits").
             The game lasted 00:11:24 (5789 turns).

Groucho the Unseen (Felid Enchanter)                Turns: 5789, Time: 00:11:25

Health: -15/38     AC:  2    Str: 10    XL:     8   Next: 77%
Magic:  20/22      EV: 31    Int: 16    God:    Uskayaw [*.....]
Gold:   0          SH:  0    Dex: 21    Spells: 14/26 levels left
                                        Lives:  0   Deaths: 2

rFire    . . .     SeeInvis +     - Unarmed
rCold    . . .     Faith    .   (shield unavailable)
rNeg     . . .     Spirit   .   (armour unavailable)
rPois    .         Reflect  .   (helmet unavailable)
rElec    .         Harm     .   (cloak unavailable)
rCorr    .         Rampage  .   (gloves unavailable)
Will     +....     NoTele   +   (boots unavailable)
Stlth    +++++++...             (no amulet)
HPRegen  0.12/turn              k - +3 ring of dexterity
MPRegen  0.18/turn              l - +3 ring of strength

@: confusing touch, quick
A: very small, no armour, no weapons or thrown items, stealth, claws 1, fangs 3,
see invisible, speed 1, shaggy fur 2, sharp paws
a: Renounce Religion, Stomp


You were in the Dungeon.
You worshipped Uskayaw.
Uskayaw was noncommittal.
You visited 1 branch

Inventory:

Jewellery
 k - a +3 ring of dexterity (left paw)
 l - a +3 ring of strength (right paw)
Scrolls
 g - a scroll of blinking
 h - 3 scrolls of remove curse
 i - 5 scrolls of amnesia
 j - a scroll of summoning
Potions
 a - a potion of berserk rage
 b - 3 potions of curing
 d - 2 potions of haste
 e - 4 potions of magic
 m - a potion of might
 n - a potion of brilliance


   Skills:
 + Level 5.6 Fighting
 + Level 13.2 Dodging
 * Level 16.3 Stealth
 + Level 10.3 Unarmed Combat
 + Level 9.7 Spellcasting
 + Level 5.1 Conjurations
 - Level 15.0 Hexes
 + Level 5.0 Ice Magic
 * Level 1.2 Invocations


You had 14 spell levels left.
You knew the following spells:

 Your Spells              Type           Power        Failure   Level
a - Corona                Hex            60%          1%          1
b - Ensorcelled Hibernat  Hex/Ice        78%          1%          2
c - Confusing Touch       Hex            54%          1%          3
d - Tukima's Dance        Hex            54%          1%          3
e - Dazzling Flash        Conj/Hex       80%          1%          3

Your spell library contained the following spells:

 Spells                   Type           Power        Failure   Level


Dungeon Overview and Level Annotations

Branches:
Dungeon (1/1)

Altars:
Ashenzari
Cheibriados
Dithmenos
Elyvilon
Fedhas
Gozag
Hepliaklqana
Kikubaaqudgha
Makhleb
Nemelex Xobeh
Okawaru
Qazlal
Ru
Sif Muna
Trog
Uskayaw
Vehumet
Wu Jian
Xom
Yredelemnul
Zin
The Shining One
Beogh
Jiyva
Lugonu


Innate Abilities, Weirdness & Mutations

You cannot wear armour.
You are incapable of wielding weapons or throwing items.
Your paws allow you to move quietly. (Stealth)
You have sharp claws.
You have razor-sharp teeth.
You have supernaturally acute eyesight. (SInv)
You cover ground quickly.
You are covered in thick fur. (AC +2)
Your sharp claws are effective at attacking unaware monsters.


Message History

The tyrant leech draws strength from your injuries!
Casting: Confusing Touch (safe; 1% risk of failure)
Confirm with . or Enter, or press ? or * to list all spells.
Your paws begin to glow red.
Unknown command.
The tyrant leech completely misses you. The minotaur barely misses you. x2
You scratch the minotaur but do no damage.
The minotaur misses you. x2
You scratch the minotaur but do no damage.
The tyrant leech bites you!
The tyrant leech draws strength from your injuries!
The minotaur barely misses you. The minotaur gores you.
You scratch the minotaur but do no damage.
You scratch the minotaur but do no damage.
You bite the minotaur, but do no damage.
The minotaur hits you!
* * * LOW HITPOINT WARNING * * *
The minotaur gores you!
You die...

'#####''######
....##('############ #########
....##(...(.'..'...###..y.....
....##...†..'..'.....##..yN..
<...##.....##..##)....##....#
....##...###....###....#l...#
....##()##........###.###(.#
....##''#...#..#...#....#y.#
######........(w@H.'....'H.+
######''#...#..#...#....#R.#
..[[##..##....†...###.###☼.#
..[[##...###....###....#....#
..))##.....##..##.....##.w..#
..))###.....'..'.....##...R..
..))# ###...'..'...###........
##### ############ #########


You could see a minotaur and a tyrant leech.

Vanquished Creatures
  2 two-headed ogres (D)
  A wizard (D)
  A bog body (D)
  A deep elf mage (D)
  2 molten gargoyles (D)
  A cane toad (D)
  A rime drake (D)
  A red devil (D)
  An ice devil (D)
  A wandering mushroom (D)
  A flying skull (D)
  A redback (D)
  A ynoxinul (D)
  A shadow (D)
  A basilisk (D)
  3 vampire mosquitoes (D)
  A water moccasin (D)
  A floating eye (D)
  An orc warrior (D)
  A sky beast (D)
  Blork the orc (D)
  4 wights (D)
  A crimson imp (D)
  A jelly (D)
  An orc priest (D)
  An iguana (D)
  2 worker ants (D)
  2 gnolls (D)
  An adder (D)
  A river rat (D)
  2 ufetubi (D)
  An ooze (D)
  A leopard gecko (D)
  2 orcs (D)
  A ball python (D)
  6 jackals (D)
  A frilled lizard (D)
  A giant cockroach zombie (D)
  A jackal skeleton (D)
  2 rats (D)
57 creatures vanquished.

Vanquished Creatures (others)
  An adder (D)
1 creature vanquished.

Grand Total: 58 creatures vanquished

Notes
Turn   | Place    | Note
-------+----------+-------------------------------------------
     0 | D        | Groucho the Felid Enchanter began the quest for the Orb.
     0 | D        | Reached XP level 1. HP: 7/7 MP: 4/4
    16 | D        | Reached skill level 5 in Hexes
    16 | D        | Reached XP level 2. HP: 10/11 MP: 4/6
   440 | D        | Learned a level 2 spell: Ensorcelled Hibernation
   463 | D        | Found a bloodstained altar of Trog.
   463 | D        | Found a shimmering blue altar of Sif Muna.
   463 | D        | Found a viscous altar of Jiyva.
   463 | D        | Found a hazy altar of Hepliaklqana.
   463 | D        | Found an opulent altar of Gozag.
   464 | D        | Found a glowing golden altar of the Shining One.
   464 | D        | Found a glowing silver altar of Zin.
   464 | D        | Found a basalt altar of Yredelemnul.
   464 | D        | Found a shimmering altar of Xom.
   464 | D        | Found an ornate altar of the Wu Jian Council.
   464 | D        | Found a sacrificial altar of Ru.
   464 | D        | Found a stormy altar of Qazlal.
   464 | D        | Found an iron altar of Okawaru.
   464 | D        | Found a sparkling altar of Nemelex Xobeh.
   464 | D        | Found a burning altar of Makhleb.
   464 | D        | Found a blossoming altar of Fedhas.
   464 | D        | Found a white marble altar of Elyvilon.
   464 | D        | Found a shadowy altar of Dithmenos.
   464 | D        | Found a snail-covered altar of Cheibriados.
   467 | D        | Found a corrupted altar of Lugonu.
   467 | D        | Found a radiant altar of Vehumet.
   467 | D        | Found a roughly hewn altar of Beogh.
   468 | D        | Found an ancient bone altar of Kikubaaqudgha.
   468 | D        | Found a hide-covered altar of Uskayaw.
   468 | D        | Found a broken altar of Ashenzari.
   483 | D        | Became a worshipper of Uskayaw the Reveller
   503 | D        | Reached * piety under Uskayaw
   504 | D        | Reached skill level 5 in Stealth
   506 | D        | Reached ** piety under Uskayaw
  1063 | D        | Reached skill level 6 in Stealth
  1063 | D        | Reached XP level 3. HP: 14/14 MP: 8/8
  1071 | D        | Learned a level 3 spell: Confusing Touch
  1080 | D        | Reached skill level 5 in Dodging
  1080 | D        | Reached XP level 4. HP: 11/18 MP: 5/10
  1198 | D        | Noticed a sky beast
  1221 | D        | Reached skill level 7 in Stealth
  1616 | D        | Killed a sky beast
  1617 | D        | Reached skill level 8 in Stealth
  1617 | D        | Reached skill level 5 in Unarmed Combat
  1617 | D        | Reached skill level 5 in Spellcasting
  1617 | D        | Reached XP level 5. HP: 21/21 MP: 7/13
  1937 | D        | Noticed a floating eye
  2147 | D        | Noticed an orc warrior
  2180 | D        | Reached skill level 9 in Stealth
  2180 | D        | Gained mutation: You are covered in thick fur. (AC +2)
                  | [Felid growth]
  2180 | D        | Reached XP level 6. HP: 23/24 MP: 3/15
  2181 | D        | Reached *** piety under Uskayaw
  2580 | D        | Killed an orc warrior
  2581 | D        | Reached skill level 10 in Hexes
  2584 | D        | Reached skill level 10 in Stealth
  2653 | D        | Paralysed by a floating eye for 2 turns
  2656 | D        | Killed a floating eye
  2657 | D        | Reached XP level 7. HP: 26/27 MP: 6/18
  2999 | D        | Noticed a redback
  3001 | D        | Killed a redback
  3002 | D        | Reached skill level 10 in Dodging
  3002 | D        | Reached skill level 11 in Stealth
  3003 | D        | Noticed Blork the orc
  3003 | D        | Noticed a flying skull
  3008 | D        | Killed a flying skull
  3008 | D        | Reached **** piety under Uskayaw
  3016 | D        | Reached ***** piety under Uskayaw
  3020 | D        | Killed Blork the orc
  3021 | D        | Reached XP level 8. HP: 31/31 MP: 16/20
  3341 | D        | Noticed a rime drake
  3341 | D        | Noticed an ice devil
  3381 | D        | Killed a rime drake
  3382 | D        | Reached skill level 12 in Stealth
  3449 | D        | Killed an ice devil
  3516 | D        | Learned a level 3 spell: Tukima's Dance
  3520 | D        | Learned a level 3 spell: Dazzling Flash
  3563 | D        | Noticed a wizard
  3563 | D        | Noticed a cane toad
  3570 | D        | Killed a cane toad
  3571 | D        | Reached skill level 1 in Fighting
  3571 | D        | Reached skill level 1 in Conjurations
  3571 | D        | Reached skill level 1 in Ice Magic
  3652 | D        | Killed a wizard
  3653 | D        | Reached skill level 13 in Stealth
  3653 | D        | Reached XP level 9. HP: 34/37 MP: 17/22
  3783 | D        | Noticed a wandering mushroom
  3859 | D        | Noticed a two-headed ogre
  3859 | D        | Noticed a red devil
  3921 | D        | Killed a red devil
  4176 | D        | Reached skill level 14 in Stealth
  4201 | D        | Noticed a molten gargoyle
  4202 | D        | HP: 1/38 [two-headed ogre/+0 giant club (18)]
  4225 | D        | Killed a two-headed ogre
  4231 | D        | Killed a molten gargoyle
  4232 | D        | Reached XP level 10. HP: 14/42 MP: 16/24
  4616 | D        | Noticed a two-headed ogre
  4621 | D        | Noticed a molten gargoyle
  4664 | D        | Killed a two-headed ogre
  4665 | D        | Reached skill level 15 in Stealth
  4665 | D        | Reached skill level 15 in Hexes
  4686 | D        | Killed a molten gargoyle
  4687 | D        | Reached skill level 5 in Fighting
  4687 | D        | Reached skill level 10 in Unarmed Combat
  5287 | D        | Noticed a bog body
  5298 | D        | Killed a bog body
  5632 | D        | Noticed a deep elf mage
  5635 | D        | Killed a deep elf mage
  5636 | D        | Reached skill level 16 in Stealth
  5636 | D        | Reached skill level 5 in Conjurations
  5654 | D        | Noticed a nagaraja
  5654 | D        | Noticed a minotaur
  5657 | D        | Reached skill level 5 in Ice Magic
  5706 | D        | Demolished by a minotaur
  5707 | D        | Reached XP level 9. HP: -16/40 MP: 23/23
  5734 | D        | Slain by a minotaur
  5735 | D        | Reached XP level 8. HP: -2/55 MP: 22/22
  5750 | D        | Reached skill level 1 in Invocations
  5789 | D        | Demolished by a minotaur

Illustrated notes

Levels and vault maps discovered:
D:        pitsprint [storerooms_1, entrance_room_1, metal_vault_4, armoury_2,
          mini_pit_1, grid_room_1, main_hall_1, silver_pit, the_coven_1,
          the_vestibule_1, steel_vault_5, golden_pit, hallway_of_sentries,
          crystal_vault_5, iron_vault_4, final_vault]

Skill      XL: |  1  2  3  4  5  6  7  8  9 10 |
---------------+-------------------------------+-----
Dodging        | 3 4 5 7 9 10 11 12 13 | 13.2
Unarmed Combat | 2 3 5 7 9 10 | 10.3
Hexes          | 5 6 8 9 10 11 13 14 15 | 15.0
Stealth        | 6 8 9 10 11 13 14 16 | 16.3
Spellcasting   | 3 5 6 7 8 9 |  9.7
Fighting       | 2 4 5 |  5.6
Conjurations   | 2 3 5 |  5.1
Ice Magic      | 2 3 5 |  5.0
Invocations    | 1 |  1.2

Action                   |  1- 3 |  4- 6 |  7- 9 | 10-12 || total
-------------------------+-------+-------+-------+-------++-------
Melee: Unarmed           |    20 |    43 |   111 |    24 ||   198
       Bite              |     1 |     4 |    15 |     2 ||    22
       Punch             |       |     1 |     1 |       ||     2
 Cast: Ensorcelled Hiber |     2 |    13 |    11 |     4 ||    30
       Confusing Touch   |     1 |     6 |    14 |     3 ||    24
       Corona            |       |       |     1 |       ||     1
  Use: Potion            |     1 |       |    14 |     6 ||    21
 Stab: Sleeping          |     7 |     5 |     9 |     6 ||    27
       Confused          |     1 |     5 |    11 |     1 ||    18
       Paralysed         |       |       |     2 |       ||     2
       Invisible         |       |       |       |     5 ||     5
Armor: Skin              |     1 |       |     7 |       ||     8
Dodge: Dodged            |     8 |    21 |   141 |    26 ||   196
